 Dungeon Crawl Stone Soup version 0.17-a0-1748-g222fba8 (webtiles) character file.

992 KambridgeKobold the Sneak (level 7, -5/35 HPs)
             Began as a Spriggan Warper on Sept 1, 2015.
             Slain by an ice beast (6 damage)
             ... on level 6 of the Dungeon.
             The game lasted 00:24:20 (7932 turns).

KambridgeKobold the Sneak (Spriggan Warper)         Turns: 7932, Time: 00:24:20

Health: -5/35      AC:  2    Str:  8    XL:     7   Next: 98%
Magic:  13/15      EV: 23    Int: 16    God:
Gold:   204        SH:  0    Dex: 19    Spells: 5 memorised, 5 levels left

rFire  . . .     SeeInvis +     u - +2 dagger (flame)
rCold  . . .     Clarity  .     b - +0 robe
rNeg   . . .     SustAt   .     (shield restricted)
rPois  .         Gourm    .     (helmet restricted)
rElec  .         Spirit   .     (no cloak)
rCorr  .         Warding  .     (gloves unavailable)
rMut   +         Stasis   .     (boots unavailable)
MR     +....                    C - amulet of resist mutation
Stlth  ++++......               (no ring)
                                l - ring of flight

@: very quick, somewhat resistant to hostile enchantments, stealthy
A: unfitting armour, beak, see invisible, agile 1, clever 1, herbivore 3, speed
3, slow metabolism 2
a: Evoke Flight


You were on level 6 of the Dungeon.
You were hungry.

You visited 1 branch of the dungeon, and saw 6 of its levels.

You collected 204 gold pieces.

Inventory:

Hand weapons
 a - a +0 short sword
 f - a +0 dagger of venom
 u - a +2 dagger of flaming (weapon)
 H - a +0 rapier
Missiles
 e - 4 tomahawks of dispersal
 m - 44 arrows
 w - 11 arrows of flame
 y - a throwing net (quivered)
Armour
 b - a +0 robe (worn)
Jewellery
 l - a ring of flight (left hand)
 A - a +1 ring of slaying {unknown}
 C - an amulet of resist mutation (around neck)
Scrolls
 d - 2 scrolls of blinking
 g - 3 scrolls of magic mapping
 h - 4 scrolls of remove curse
 j - 4 scrolls of identify
 k - a scroll of random uselessness {unknown}
 p - 2 scrolls of enchant armour {unknown}
 r - a scroll of immolation {unknown}
 t - 4 scrolls of teleportation {unknown}
 G - a scroll of noise {unknown}
 I - a scroll of fear {unknown}
 K - a scroll of vulnerability {unknown}
Potions
 n - 4 potions of curing {unknown}
 o - 2 potions of haste {unknown}
 q - a potion of agility {unknown}
 s - a potion of cure mutation {unknown}
 v - a potion of ambrosia {unknown}
 x - 2 potions of degeneration {unknown}
 z - a potion of cancellation {unknown}
 B - a potion of heal wounds {unknown}
 D - a potion of lignification {unknown}
 F - a potion of brilliance {unknown}
Books
 c - a book of Spatial Translocations

   Spells                             Type                      Level
   a - Apportation                    Translocation                1
   b - Blink                          Translocation                2
   c - Shroud of Golubria             Charms/Translocation         2
   d - Portal Projectile              Translocation                3
   e - Teleport Other                 Translocation                3
   f - Passage of Golubria            Translocation                4
 E - a book of Power

   Spells                             Type                      Level
   a - Fulminant Prism                Conjuration/Hexes            4
   b - Iskenderun's Mystic Blast      Conjuration                  4
   c - Venom Bolt                     Conjuration/Poison           5
   d - Bolt of Magma                  Conjuration/Fire/Earth       5
   e - Iron Shot                      Conjuration/Earth            6
   f - Orb of Destruction             Conjuration                  7
   g - Spellforged Servitor           Conjuration/Summoning        7
 J - a book of Callings

   Spells                             Type                      Level
   a - Summon Small Mammal            Summoning                    1
   b - Call Imp                       Summoning                    2
   c - Call Canine Familiar           Summoning                    3
   d - Summon Guardian Golem          Hexes/Summoning              3
   e - Summon Lightning Spire         Summoning/Air                4
   f - Summon Ice Beast               Ice/Summoning                4
Comestibles
 i - 4 bread rations


   Skills:
 - Level 2.0 Fighting
 - Level 4.0 Short Blades
 - Level 1.1 Throwing
 - Level 7.0 Dodging
 + Level 7.2 Stealth
 - Level 5.0 Spellcasting
 + Level 5.1 Translocations
 + Level 4.8 Evocations


You had 5 spell levels left.
You knew the following spells:

 Your Spells              Type           Power        Failure   Level  Hunger
a - Apportation           Tloc           ###.......   1%          1    None
b - Blink                 Tloc           N/A          3%          2    #......
c - Shroud of Golubria    Chrm/Tloc      ##........   10%         2    #......
d - Teleport Other        Tloc           ###.....     8%          3    ###....
e - Portal Projectile     Tloc           ###...       8%          3    ###....


Dungeon Overview and Level Annotations

Branches:
Dungeon (6/15)
 Temple: D:4-7

Altars:
Ashenzari
Cheibriados
Dithmenos
Elyvilon
Gozag
Okawaru
Sif Muna
Yredelemnul

Annotations:
D:6 kroki's ghost, experienced KoBe


Innate Abilities, Weirdness & Mutations

You are tiny and cannot use many weapons and most armour.
You have supernaturally acute eyesight.
You are a herbivore.
You cover ground extremely quickly.
You need consume almost no food.
You have a beak for a mouth.
You are agile. (Dex +2)
Your mind is acute. (Int +2)


Message History

You completely miss the ice beast.
The ice beast is severely wounded.
The ice beast closely misses you.
You barely miss the ice beast. You peck the ice beast.
The ice beast is severely wounded.
The ice beast misses you.
You closely miss the ice beast.
The ice beast is severely wounded.
You hit the ice beast but do no damage.
The ice beast is severely wounded.
The ice beast closely misses you.
You hit the ice beast.
You melt the ice beast.
The ice beast is almost dead.
The ice beast completely misses you.
You barely miss the ice beast.
The ice beast is almost dead.
The ice beast hits you.
* * * LOW HITPOINT WARNING * * *
The ice beast freezes you.
You die...

#.## #.#.###.......
#.... ..#..##.#.##.#
#.#..##.......#....#
#.......#..#....†###
#.....#.#.###Y#††..#
###..###..........##.#
#.......#.#.......##..
#.........#.......####
#....@Y.###..†....# ##
#[......# #.......# #.
#.......# #.......# #.
#.......# #.....%## #.
#.......# ######## #.
#.......# #. #.##.##.#
#. #.##.##.#### #.
#(##.......# #########


You could see an ice beast.

Vanquished Creatures
  An ogre (D:4)
  A giant frog (D:6)
  3 scorpions
  3 crimson imps
  4 hounds
  2 orc wizards (D:3)
  2 orc priests (D:3)
  2 iguanas
  3 worker ants
  4 gnolls (D:4)
  9 adders
  An ooze (D:2)
  3 worms (D:3)
  2 giant geckos
  19 orcs
  2 ball pythons
  10 bats
  3 giant cockroaches
  9 goblins
  8 hobgoblins
  2 quokkas
  5 giant newts
  8 jackals
  8 kobolds
  A quokka skeleton (D:4)
  6 rats
121 creatures vanquished.

Notes
Turn   | Place    | Note
--------------------------------------------------------------
     0 | D:1      | KambridgeKobold the Spriggan Warper began the quest for the Orb.
     0 | D:1      | Reached XP level 1. HP: 10/10 MP: 5/5
   557 | D:1      | Reached XP level 2. HP: 15/15 MP: 7/7
   567 | D:1      | Learned a level 2 spell: Blink
   570 | D:1      | Learned a level 2 spell: Shroud of Golubria
  1795 | D:2      | Reached XP level 3. HP: 8/18 MP: 6/9
  2287 | D:2      | Reached skill level 1 in Stealth
  2292 | D:2      | Learned a level 3 spell: Teleport Other
  2635 | D:3      | Reached XP level 4. HP: 14/23 MP: 2/11
  3522 | D:3      | Learned a level 3 spell: Portal Projectile
  3525 | D:3      | Gained mutation: You are agile. (Dex +2) [potion of mutation]
  3525 | D:3      | Gained mutation: You have a beak for a mouth. [potion of mutation]
  3525 | D:3      | Gained mutation: Your mind is acute. (Int +2) [potion of mutation]
  4219 | D:3      | Reached skill level 5 in Dodging
  4219 | D:3      | Reached XP level 5. HP: 10/26 MP: 12/12
  4424 | D:3      | Found an iron altar of Okawaru.
  4425 | D:3      | Found a snail-covered altar of Cheibriados.
  4426 | D:3      | Found a shadowy altar of Dithmenos.
  4427 | D:3      | Found a deep blue altar of Sif Muna.
  4430 | D:3      | Found a white marble altar of Elyvilon.
  4431 | D:3      | Found a shattered altar of Ashenzari.
  5194 | D:4      | Reached XP level 6. HP: 21/30 MP: 13/13
  5486 | D:4      | Reached skill level 6 in Dodging
  5576 | D:4      | Noticed an ogre
  5578 | D:4      | Reached skill level 1 in Evocations
  5581 | D:4      | Killed an ogre
  5581 | D:4      | Reached skill level 5 in Stealth
  5902 | D:4      | Reached XP level 7. HP: 35/35 MP: 14/14
  5946 | D:4      | Reached skill level 7 in Dodging
  6454 | D:5      | Entered Level 5 of the Dungeon
  6470 | D:5      | Found an opulent altar of Gozag.
  6640 | D:5      | Found a basalt altar of Yredelemnul.
  6844 | D:5      | Reached skill level 5 in Spellcasting
  7560 | D:6      | Reached skill level 5 in Translocations
  7640 | D:6      | Noticed kroki's ghost (experienced KoBe)
  7932 | D:6      | HP: 1/35 [ice beast (4)]
  7932 | D:6      | Slain by an ice beast

Vault maps used:
D:1:      eino_arrival_water_cross, serial_bayou_pond_a
D:3:      minitemple, eino_curves_02, moated_statue, serial_bayou_ford_a
D:4:      nrook_uturn, grunt_ministairs_3, supply_closet_lemuel
D:5:      kennysheep_mini_moat, first_bread, yredelemnul_altar_generic
D:6:      black_bear_nest_2

Action                   |  1- 3 |  4- 6 |  7- 9 || total
-------------------------+-------+-------+-------++-------
Melee: Short sword       |   172 |    53 |       ||   225
       Dagger            |       |   190 |   149 ||   339
Throw: Tomahawk          |       |     1 |       ||     1
       Throwing net      |       |       |     1 ||     1
 Cast: Shroud of Golubri |     6 |    18 |     6 ||    30
       Teleport Other    |     1 |     2 |       ||     3
       Portal Projectile |       |     1 |       ||     1
  Use: Scroll            |       |     3 |       ||     3
       Potion            |       |     1 |       ||     1
 Stab: Sleeping          |     4 |     6 |    12 ||    22
       Distracted        |       |     1 |     1 ||     2
  Eat: Bread ration      |       |     1 |       ||     1
